 Dungeon Crawl Stone Soup version 0.30.1-4-g462c640d31 (webtiles) character file.

Game seed: 4963163819689569831

6502 ANON1729 the Fighter (level 10, -19/96 HPs)
             Began as a Minotaur Monk on Aug 10, 2023.
             Was a Follower of Uskayaw.
             Demolished by an orc warrior
             ... wielding a +0 war axe
              (21 damage)
             ... in a bailey.
             The game lasted 00:09:17 (9835 turns).

ANON1729 the Fighter (Minotaur Monk)                Turns: 9835, Time: 00:09:18

Health: -19/96     AC: 11    Str: 16    XL:     10   Next: 69%
Magic:  3/11       EV: 18    Int:  7    God:    Uskayaw [*.....]
Gold:   593        SH:  0    Dex: 17    Spells: 9/9 levels left

rFire   . . .        m - +1 dagger (venom)
rCold   . . .        d - orb {light}
rNeg    . . .        J - +0 steam dragon scales
rPois   .            (helmet restricted)
rElec   .            z - +0 cloak
rCorr   .            G - +0 pair of gloves
SInv    .            (no boots)
Will    +....        F - amulet of the acrobat
Stlth   +            N - +4 ring of protection
HPRegen 0.36/turn    O - ring of willpower
MPRegen 0.12/turn

%: acrobat
@: attractive, glowing
A: horns 2, retaliatory headbutt
a: Renounce Religion, Stomp


You were in a bailey.
You worshipped Uskayaw.
Uskayaw was noncommittal.
You visited 2 branches of the dungeon, and saw 10 of its levels.
You also visited: Sewer and Bailey.

You collected 593 gold pieces.

Inventory:

Hand Weapons
 a - a +0 short sword
 m - a +1 dagger of venom (weapon)
 R - a +5 short sword of flaming
Missiles
 s - 4 curare-tipped darts (quivered)
 K - 2 throwing nets
Armour
 b - a +0 robe
 d - an orb of light (worn)
 z - a +0 cloak (worn)
 C - a +1 robe of cold resistance
 G - a +0 pair of gloves (worn)
 J - +0 steam dragon scales (worn)
Jewellery
 E - a ring of fire
 F - an amulet of the acrobat (around neck)
 N - a +4 ring of protection (left hand)
 O - a ring of willpower (right hand)
 P - an amulet of magic regeneration
Wands
 M - a wand of flame (9)
Scrolls
 f - 2 scrolls of teleportation
 g - a scroll of silence
 i - 3 scrolls of amnesia
 j - a scroll of torment {unknown}
 l - 4 scrolls of immolation
 t - 2 scrolls of vulnerability
 v - 3 scrolls of magic mapping
 w - 2 scrolls of fear
 x - 2 scrolls of enchant armour
 y - a scroll of blinking {unknown}
 H - 3 scrolls of enchant weapon
 Q - 4 scrolls of fog
 S - a scroll of noise {unknown}
Potions
 c - 2 potions of mutation {unknown}
 e - 2 potions of invisibility {unknown}
 h - 3 potions of attraction
 k - 4 potions of brilliance
 n - 2 potions of heal wounds
 o - a potion of haste {unknown}
 p - 3 potions of curing
 q - 5 potions of might
 r - 3 potions of magic {unknown}
 u - 2 potions of berserk rage {unknown}
 A - 2 potions of lignification {unknown}
 B - a potion of cancellation {unknown}
 I - a potion of resistance {unknown}


   Skills:
 + Level 11.5 Fighting
 + Level 10.6 Short Blades
 + Level 10.6 Dodging
 * Level 3.7 Invocations


You had 9 spell levels left.
You didn't know any spells.
Your spell library contained the following spells:

 Spells                   Type           Power      Damage    Failure   Level
 Sting                    Tmut/Pois      0%         1d3       43%         1
 Lesser Beckoning         Tloc           0%         N/A       56%         2
 Poisonous Vapours        Pois/Air       0%         N/A       56%         2
 Sublimation of Blood     Necr           0%         N/A       56%         2
 Gell's Gravitas          Tloc           0%         N/A       80%         3
 Mephitic Cloud           Conj/Pois/Air  0%         N/A       80%         3
 Teleport Other           Tloc           0%         N/A       80%         3
 Olgreb's Toxic Radiance  Pois           0%         N/A       99%         4
 Petrify                  Tmut/Erth      0%         N/A       99%         4
 Summon Lightning Spire   Summ/Air       0%         N/A       99%         4
 Freezing Cloud           Conj/Ice/Air   0%         6-21      100%        5
 Irradiate                Conj/Tmut      0%         3d11      100%        5
 Storm Form               Tmut/Air       0%         N/A       100%        7
 Maxwell's Capacitive Co  Air            0%         ∞         100%        8


Dungeon Overview and Level Annotations

Branches:
Dungeon (9/15)             Temple (1/1) D:7           Sewer (visited)
 Bailey (1/1)
   Lair: D:8-11         Orc: D:9-12

Altars:
Ashenzari
Cheibriados
Dithmenos
Elyvilon
Fedhas
Gozag
Hepliaklqana
Kikubaaqudgha
Makhleb
Nemelex Xobeh
Qazlal
Ru
Sif Muna
Trog
Uskayaw
Vehumet
Xom
Yredelemnul
Zin
The Shining One


Innate Abilities, Weirdness & Mutations

You have a pair of horns on your head.
You reflexively headbutt those who attack you in melee.


Message History

The gnoll appears confused.
You can no longer pass through a line of other dancers.
The gnoll misses you.
The orc warrior is attracted toward you. x2
You catch the helpless gnoll completely off-guard!
You impale the gnoll!!
You kill the gnoll!
The orc warrior is attracted toward you.
You can now pass through a line of other dancers.
You hit the orc warrior but do no damage.
The orc warrior hits you with a +0 war axe!
The orc warrior hits itself with a +0 war axe!
The orc warrior is attracted toward you.
You hit the orc warrior.
The orc warrior is heavily wounded.
The orc warrior seems less confused.
You hit the orc warrior but do no damage.
The orc warrior is heavily wounded.
The orc warlord is attracted toward you.
The orc warrior is attracted toward you.
Okay, then.
Aiming: Line Pass
Press: ? - help, Dir - move target The orc warlord appears confused.
You can no longer pass through a line of other dancers.
The orc warrior hits you with a +0 war axe.
The orc warlord is attracted toward you.
The orc warrior is attracted toward you.
You hit the orc warlord.
The orc warlord is poisoned.
You headbutt the orc warlord, but do no damage.
The orc warlord is lightly wounded.
The orc warlord seems less confused.
You hit the orc warrior but do no damage.
The orc warrior is poisoned.
Your attack snaps the orc warrior out of its fear.
You headbutt the orc warrior, but do no damage.
The orc warlord hits you with a +5 broad axe!!
* * * LOW HITPOINT WARNING * * *
The orc warrior hits you with a +0 war axe!!
You die...

.')))oo....')).....#
.##.......##)).....##
..#.......#.).......#
..##88)88##.).......##
...###'###.....⌠.....#
..###...###.........##
..#.......#.....§.§.#
.##.......##.....o§##
.#.........#....@o.#
##..o......##...§o##
#...........####'##
##.........##.).).##
.# #..)))..# .##
##.......## ..#
#.........# ..##
##...).....##
...#######.....⌠.....#


You could see an orc warlord (very poisoned) and 2 orc warriors.

Vanquished Creatures
  2 orc knights (Bailey)
  Grinder (Sewer)
  3 wyverns
  5 yaks
  2 steam dragons
  A water moccasin (D:6)
  Duvessa (D:5)
  2 black bears
  8 orc warriors (Bailey)
  An ice beast (D:5)
  An ogre (D:5)
  3 centaurs
  A phantom (D:5)
  2 kobold brigands (Sewer)
  5 bullfrogs
  A gnoll sergeant (D:7)
  7 wights
  Dowan (D:5)
  4 killer bees (D:9)
  A howler monkey (D:6)
  2 hounds (D:5)
  A quasit (Sewer)
  4 jellies
  4 orc priests
  A gnoll bouda (D:8)
  2 sleepcaps (D:6)
  Terence (D:2)
  4 iguanas
  5 orc wizards
  A mummy (D:8)
  13 gnolls
  6 adders
  3 shadow imps (Sewer)
  4 white imps
  9 ufetubi
  A worm (D:6)
  A dart slug (D:4)
  28 orcs
  8 endoplasms
  8 giant cockroaches
  24 goblins
  13 hobgoblins
  6 jackals (D:1)
  21 kobolds
  A quokka (D:2)
  8 ball pythons
  10 bats
  5 frilled lizards
  5 rats
251 creatures vanquished.

Vanquished Creatures (others)
  A yak (D:9)
  An adder zombie (Sewer)
  A ball python (D:6)
  A bat zombie (Sewer)
  A kobold (Sewer)
5 creatures vanquished.

Grand Total: 256 creatures vanquished

Notes
Turn   | Place    | Note
-------+----------+-------------------------------------------
     0 | D:1      | ANON1729 the Minotaur Monk began the quest for the Orb.
     0 | D:1      | Reached XP level 1. HP: 19/19 MP: 0/0
    80 | D:1      | Reached XP level 2. HP: 24/27 MP: 1/1
   173 | D:1      | Found a faded altar of an unknown god.
   210 | D:1      | Reached skill level 4 in Fighting
   277 | D:1      | You fall into a shaft and drop 1 floor!
   391 | D:2      | Reached XP level 3. HP: 33/33 MP: 2/2
   800 | D:2      | Noticed Terence
   807 | D:2      | Killed Terence
   808 | D:2      | Reached XP level 4. HP: 35/41 MP: 3/3
  1652 | D:3      | Found a shimmering altar of Xom.
  2598 | D:4      | Found a sparkling altar of Nemelex Xobeh.
  2687 | D:4      | Found a glowing golden altar of the Shining One.
  3066 | D:5      | Entered Level 5 of the Dungeon
  3066 | D:5      | Noticed a phantom
  3066 | D:5      | Found an ancient bone altar of Kikubaaqudgha.
  3078 | D:5      | Killed a phantom
  3079 | D:5      | Reached skill level 5 in Fighting
  3079 | D:5      | Reached XP level 5. HP: 39/48 MP: 4/4
  3354 | D:5      | Noticed an ogre
  3361 | D:5      | Killed an ogre
  3362 | D:5      | Reached skill level 5 in Short Blades
  3362 | D:5      | Reached skill level 5 in Dodging
  3362 | D:5      | Reached XP level 6. HP: 57/57 MP: 5/5
  3540 | D:5      | Reached skill level 6 in Fighting
  3787 | D:5      | Found a blossoming altar of Fedhas.
  3810 | D:5      | Reached XP level 7. HP: 17/64 MP: 6/6
  4176 | D:5      | Noticed Duvessa
  4176 | D:5      | Noticed Dowan
  4188 | D:5      | Killed Duvessa
  4190 | D:5      | Killed Dowan
  4191 | D:5      | Reached skill level 7 in Fighting
  4708 | D:6      | Reached XP level 8. HP: 73/73 MP: 7/7
  5084 | D:6      | Found a glowing drain.
  5148 | Sewer    | Entered a sewer
  5448 | Sewer    | Found a burning altar of Makhleb.
  5459 | Sewer    | Noticed Grinder
  5468 | Sewer    | Paralysed by Grinder for 3 turns
  5477 | Sewer    | Paralysed by Grinder for 3 turns
  5518 | Sewer    | Paralysed by Grinder for 5 turns
  5529 | Sewer    | Killed Grinder
  5530 | Sewer    | Reached skill level 8 in Fighting
  6127 | D:6      | Reached skill level 9 in Fighting
  6133 | D:6      | Reached XP level 9. HP: 52/83 MP: 8/8
  6750 | D:7      | Found a white marble altar of Elyvilon.
  6794 | D:7      | Found a staircase to the Ecumenical Temple.
  6830 | D:7      | Found a basalt altar of Yredelemnul.
  7169 | D:7      | Found an opulent altar of Gozag.
  7510 | Temple   | Entered the Ecumenical Temple
  8091 | D:8      | Reached skill level 10 in Fighting
  8547 | D:8      | Found a hide-covered altar of Uskayaw.
  8821 | D:8      | Reached XP level 10. HP: 93/94 MP: 9/9
  8919 | D:8      | Found a snail-covered altar of Cheibriados.
  8964 | D:8      | Became a worshipper of Uskayaw the Reveller
  8964 | D:8      | Reached * piety under Uskayaw
  8992 | D:9      | Found a stormy altar of Qazlal.
  9083 | D:9      | Reached ** piety under Uskayaw
  9086 | D:9      | Reached *** piety under Uskayaw
  9088 | D:9      | Reached **** piety under Uskayaw
  9089 | D:9      | Reached skill level 10 in Short Blades
  9091 | D:9      | Reached ***** piety under Uskayaw
  9095 | D:9      | Reached skill level 10 in Dodging
  9209 | D:9      | Reached skill level 11 in Fighting
  9333 | D:9      | Found a flagged portal.
  9349 | Bailey   | Entered a bailey
  9376 | Bailey   | Noticed an orc knight
  9392 | Bailey   | Killed an orc knight
  9393 | Bailey   | Reached skill level 1 in Invocations
  9667 | Bailey   | Noticed an orc knight
  9667 | Bailey   | Noticed an orc warlord
  9758 | Bailey   | Killed an orc knight
  9835 | Bailey   | HP: 2/96 [orc warlord/+5 broad axe (31)]
  9835 | Bailey   | Demolished by an orc warrior

Illustrated notes

Levels and vault maps discovered:
D:1:      wheals_arrival_shading, layout_loops_ring,
          dreamdust_ecumenical_altar_angels_and_demons, hangedman_decor_points,
          minivault_26
D:2:      cheibrodos_helix_gallery, layout_basic, uniq_terence
D:3:      layout_basic, lemuel_coloured_pillars_altar
D:4:      layout_gridville, nemelex_dance_club_becter, general_overflow_altar
D:5:      layout_loops_corners, nicolae_kikubaaqudgha_miasma_corner,
          fedhas_bush_and_centaur_altar, minmay_misc_feat_columns,
          grunt_ministairs_4, uniq_duvessa
D:6:      minmay_general_purpose_star, layout_cave_pools,
          cheibrodos_sewer_entry_sluice, minmay_statues_item
D:7:      layout_loops_ring, kennysheep_ying_yang,
          mainiacjoe_overflow_concentric_impassable,
          minmay_temple_entry_offerings, minmay_between
D:8:      layout_cave_pods, kennysheep_little_box, slow_altar_2
D:9:      layout_roguey, nicolae_qazlal_style_of_elements, enter_bailey_4
Temple:   chequers_temple_sunken
Bailey:   bailey_axe_minmay_hex_keep, bailey

Skill      XL: |  1  2  3  4  5  6  7  8  9 10 |
---------------+-------------------------------+-----
Fighting       | 4 5 6 7 9 10 11 | 11.5
Short Blades   | 4 5 6 8 9 10 | 10.6
Dodging        | 4 5 6 8 9 10 | 10.6
Invocations    | 3 |  3.7

Action                     |  1- 3 |  4- 6 |  7- 9 | 10-12 || total
---------------------------+-------+-------+-------+-------++-------
  Melee: Short sword       |    42 |       |    46 |   125 ||   213
         Headbutt          |    13 |    31 |   145 |    34 ||   223
         Dagger            |    23 |   110 |   387 |    25 ||   545
  Throw: Dart              |       |       |     1 |     2 ||     3
 Invoke: Line Pass         |       |       |       |     2 ||     2
  Evoke: Wand              |       |       |       |     5 ||     5
    Use: Potion            |       |       |     4 |     3 ||     7
         Scroll            |       |       |     8 |     7 ||    15
   Stab: Paralysed         |       |       |       |     8 ||     8
         Confused          |       |       |       |     1 ||     1
 Armour: Robe              |     7 |    11 |    56 |       ||    74
         Steam dragon scal |       |       |    32 |    16 ||    48
  Dodge: Dodged            |    32 |    86 |   331 |   124 ||   573
